 Dungeon Crawl Stone Soup version 0.18-a0-596-g6468885 (webtiles) character file.

86 Duffy the Slasher (level 4, 0/31 HPs)
             Began as a High Elf Skald on Dec 3, 2015.
             Slain by Jessica (3 damage)
             ... on level 3 of the Dungeon.
             The game lasted 00:02:36 (4678 turns).

Duffy the Slasher (High Elf Skald)                  Turns: 4678, Time: 00:02:36

Health: 0/31       AC:  3    Str: 12    XL:     4   Next: 27%
Magic:  8/8        EV: 12    Int: 16    God:
Gold:   97         SH:  0    Dex: 14    Spells: 1 memorised, 6 levels left

rFire  . . .     SeeInvis .     a - +0 falchion
rCold  . . .     Clarity  .     b - +0 leather armour
rNeg   . . .     SustAt   +     (no shield)
rPois  .         Gourm    .     (no helmet)
rElec  .         Spirit   .     (no cloak)
rCorr  .         Dismiss  .     (no gloves)
rMut   .         Stasis   .     (no boots)
MR     .....                    (no amulet)
Stlth  +.........               (no ring)
                                u - ring of sustain attributes

@: confused, slowed, very slow, not resistant to hostile enchantments, very
unstealthy
A: no striking features
a: no special abilities


You were on level 3 of the Dungeon.
You were not hungry.

You visited 1 branch of the dungeon, and saw 3 of its levels.

You collected 97 gold pieces.


   Skills:
 + Level 3.2 Fighting
 + Level 3.7 Long Blades
 - Level 0.8 Armour
 + Level 2.5 Dodging
 - Level 2.4 Spellcasting
 - Level 3.6 Charms


You had 6 spell levels left.
You knew the following spells:

 Your Spells              Type           Power        Failure   Level  Hunger
a - Infusion              Chrm           ##....       8%          1    #......

Inventory:

Hand Weapons
 a - a +0 falchion (weapon)
Armour
 b - a +0 leather armour (worn)
Jewellery
 u - a ring of sustain attributes (left hand)
Wands
 s - a wand of frost (20)
Scrolls
 e - 2 scrolls of random uselessness {unknown}
 i - a scroll of enchant armour {unknown}
 j - 2 scrolls of recharging {unknown}
 l - 3 scrolls of magic mapping {unknown}
 m - a scroll of teleportation {unknown}
 n - a scroll of blinking {unknown}
 q - a scroll of amnesia {unknown}
 r - a scroll of identify {unknown}
Potions
 f - 3 potions of curing {unknown}
 h - a potion of brilliance {unknown}
 k - 2 potions of haste {unknown}
Books
 c - a book of Battle
 o - a book of Flames
Comestibles
 d - 4 bread rations
 g - a beef jerky
 p - a slice of pizza
 t - a chunk of flesh

Dungeon Overview and Level Annotations

Branches:
Dungeon (3/15)

Altars:
Gozag
Vehumet
Yredelemnul

Annotations:
D:3 Jessica


Message History

You are more confused.
Jessica hits you.
You bump into the rock wall.
Jessica mumbles some strange words.
Jessica blinks!
You bump into the rock wall.
Jessica gestures at you while chanting.
You feel yourself slow down.
Jessica zaps a wand.
You are more confused.
You bump into the rock wall.
Jessica zaps a wand.
You are more confused.
You bump into the rock wall.
Jessica zaps a wand.
Nothing appears to happen.
Jessica casts a spell at you.
You feel as though you will be slow longer.
Jessica gestures wildly while chanting.
Jessica blinks!
You start resting.
You miss Jessica.
Jessica is lightly wounded.
Jessica hits you but does no damage. Jessica closely misses you.
Jessica misses you.
You bump into the rock wall.
Jessica points at you and mumbles some strange words.
You resist with some effort. Jessica misses you.
You're too confused to move!
Jessica mumbles some strange words.
Jessica blinks!
Jessica hits you but does no damage. Jessica hits you.
Jessica closely misses you.
You closely miss Jessica. Jessica closely misses you.
Jessica barely misses you.
You hit Jessica but do no damage. Jessica hits you but does no damage.
Jessica hits you.
You die...

#...#....# ##
#........# ..
###...#### .@
#..## #. #.##
#. #.# #. #.#
#..#.#.#####.#
........@@...#
.....#.#######
... ... .
.l... .......
##..... #.....
###.#%


You could see Jessica.

Action                   |  1- 3 |  4- 6 || total
-------------------------+-------+-------++-------
Melee: Falchion          |   181 |    50 ||   231
 Stab: Sleeping          |     2 |       ||     2
  Eat: Chunk             |     8 |     4 ||    12

Notes
Turn   | Place    | Note
--------------------------------------------------------------
     0 | D:1      | Duffy the High Elf Skald began the quest for the Orb.
     0 | D:1      | Reached XP level 1. HP: 14/14 MP: 4/4
   707 | D:1      | Reached XP level 2. HP: 16/20 MP: 6/6
  1918 | D:2      | Reached skill level 3 in Long Blades
  1920 | D:2      | Reached XP level 3. HP: 7/25 MP: 7/7
  2341 | D:2      | Found an opulent altar of Gozag.
  2427 | D:2      | Reached skill level 2 in Dodging
  2794 | D:2      | Reached skill level 3 in Fighting
  3541 | D:2      | Reached XP level 4. HP: 22/31 MP: 8/8
  3915 | D:2      | Found a basalt altar of Yredelemnul.
  4473 | D:3      | Found a radiant altar of Vehumet.
  4625 | D:3      | Noticed Jessica
  4678 | D:3      | Slain by Jessica

Vault maps used:
D:1:      erik_arrival_cave_to_civilisation
D:2:      old_standard_altar, lemuel_zombie_altar_yredelemnul, first_bread
D:3:      vehumet_altar_wand_db, roderic_lattice_a, uniq_jessica

Vanquished Creatures
  4 adders
  2 worms
  2 giant geckos
  A ball python
  8 goblins
  5 hobgoblins
  4 kobolds
  4 bats
  2 giant cockroaches
  5 giant newts
  2 gnoll zombies
  9 rats
48 creatures vanquished.
